 Dungeon Crawl Stone Soup version 0.24.0-1-gfbc8707122 (webtiles) character file.

Game seed: 1975488544853136973, levelgen mode: deterministic

656 Arum the Shield-Bearer (level 7, -1/58 HPs)
             Began as a Formicid Fighter on Oct 27, 2019.
             Slain by a scorpion (3 damage)
             ... on level 4 of the Dungeon.
             The game lasted 00:05:02 (4026 turns).

Arum the Shield-Bearer (Formicid Fighter)           Turns: 4026, Time: 00:05:04

Health: -1/58      AC:  9    Str: 21    XL:     7   Next: 85%
Magic:  7/7        EV:  9    Int:  7    God:
Gold:   134        SH: 11    Dex: 17    Spells: 6/6 levels left

rFire    . . .     SeeInvis +   a - +0 quarterstaff
rCold    . . .     Gourm    .   c - +0 shield
rNeg     . . .     Faith    +   i - +0 scale mail {MR+}
rPois    .         Spirit   .   (helmet unavailable)
rElec    .         Reflect  .   b - +0 cloak
rCorr    +         Harm     .   (no gloves)
MR       +....                  n - +0 pair of boots
Stlth    +.........             u - amulet of faith
HPRegen  0.19/turn              j - -4 ring of evasion (curse)
MPRegen  0.10/turn              w - ring of resist corrosion

@: agile, lethally poisoned (-1 -> -35), flying
A: permanent stasis, dig shafts and tunnels, four strong arms, antennae 3
a: Dig, Shaft Self


You were on level 4 of the Dungeon.
You were hungry.

You visited 1 branch of the dungeon, and saw 4 of its levels.

You collected 134 gold pieces.

Inventory:

Hand Weapons
 a - a +0 quarterstaff (weapon)
Missiles
 o - a throwing net (quivered)
Armour
 b - a +0 cloak (worn)
 c - a +0 shield (worn)
 i - a +0 scale mail of magic resistance (worn)
 n - a +0 pair of boots (worn)
Jewellery
 j - a cursed -4 ring of evasion (left hand)
 u - an amulet of faith (around neck)
 w - a ring of resist corrosion (right hand)
Scrolls
 e - 2 scrolls of enchant weapon {unknown}
 g - a scroll of blinking {unknown}
 h - 3 scrolls of remove curse {unknown}
 l - 4 scrolls of identify
 m - a scroll of amnesia {unknown}
 q - a scroll of magic mapping {unknown}
 r - 2 scrolls of fear {unknown}
 s - 4 scrolls of random uselessness {unknown}
 t - a scroll of enchant armour {unknown}
 x - a scroll of immolation {unknown}
Potions
 d - 2 potions of might
 k - 2 potions of agility
 v - a potion of curing {unknown}
 z - a potion of brilliance {unknown}
Comestibles
 f - 8 rations


   Skills:
 + Level 6.0 Fighting
 + Level 4.9 Staves
 - Level 3.2 Armour
 + Level 6.6 Shields


You had 6 spell levels left.
You didn't know any spells.
Your spell library was empty.

Dungeon Overview and Level Annotations

Branches:
Dungeon (4/15)
 Temple: D:4-7

Altars:
Nemelex Xobeh
Wu Jian
Zin


Innate Abilities, Weirdness & Mutations

You cannot be hasted, slowed, berserked, paralysed or teleported.
You can dig through walls and to a lower floor.
Your four strong arms can wield two-handed weapons with a shield.
You have a pair of large antennae on your head. (SInv)


Message History

You feel very sick. The scorpion stings you.
* * * LOW HITPOINT WARNING * * *
You are more poisoned.
The scorpion poisons you!
* * * LOW HITPOINT WARNING * * *
You feel very sick.
It was a potion of agility.
You feel agile all of a sudden.
* * * LOW HITPOINT WARNING * * *
You feel very sick. You block the scorpion's attack.
Unknown command.
It was a potion of flight.
You feel very buoyant.
You fly up into the air.
* * * LOW HITPOINT WARNING * * *
You feel very sick. The scorpion stings you.
You die...

#.#.##.##.#..#
##..##.##.#..#
######.##.##.#..#
#...##.##...>...#
#......##.......#
#...######.....##
##.## #.....# #.#
#.....# #@#
####### #s#
#........
#..#####. #...
##.## .# .. ##


You could see a scorpion.

Vanquished Creatures
  Grinder (D:4)
  An ogre (D:4)
  An orc priest (D:3)
  2 iguanas (D:4)
  Terence (D:2)
  A worker ant (D:4)
  8 gnolls (D:3)
  7 adders
  An ooze (D:4)
  2 dart slugs
  4 worms
  3 leopard geckos
  9 orcs (D:3)
  5 giant cockroaches
  8 goblins
  7 hobgoblins
  A quokka (D:3)
  A ball python (D:2)
  11 bats
  6 frilled lizards
  6 kobolds
  A quokka skeleton (D:2)
  14 rats
101 creatures vanquished.

Notes
Turn   | Place    | Note
-------+----------+-------------------------------------------
     0 | D:1      | Arum the Formicid Fighter began the quest for the Orb.
     0 | D:1      | Reached XP level 1. HP: 18/18 MP: 1/1
    99 | D:1      | Reached XP level 2. HP: 10/24 MP: 2/2
   507 | D:1      | Reached XP level 3. HP: 22/30 MP: 3/3
   922 | D:2      | Found a glowing silver altar of Zin.
  1284 | D:2      | Reached XP level 4. HP: 28/37 MP: 4/4
  1500 | D:2      | Noticed Terence
  1508 | D:2      | Killed Terence
  1928 | D:2      | Reached XP level 5. HP: 43/43 MP: 5/5
  2123 | D:3      | Reached skill level 5 in Shields
  2436 | D:3      | Reached XP level 6. HP: 49/49 MP: 6/6
  2712 | D:3      | Reached skill level 5 in Fighting
  3510 | D:4      | Found a sparkling altar of Nemelex Xobeh.
  3523 | D:4      | Reached XP level 7. HP: 50/56 MP: 7/7
  3565 | D:4      | Noticed Grinder
  3583 | D:4      | Killed Grinder
  3868 | D:4      | Found an ornate altar of the Wu Jian Council.
  4026 | D:4      | HP: 2/58 [poisoned by a scorpion]
  4026 | D:4      | Slain by a scorpion

Levels and vault maps discovered:
D:1:      elethiomel_arrival_fortress_basement, layout_rooms
D:2:      layout_basic, zin_scriptorium, minmay_misc_feat_iff,
          minmay_pentomino_u2, uniq_terence
D:3:      layout_loops_ring
D:4:      minmay_clustersquares, layout_loops_cross, lemuel_doored_altar,
          lemuel_coloured_pillars_altar, st_stairs_13, corexii_leaking_fountain,
          kennysheep_doodads, uniq_grinder

Skill      XL: |  1  2  3  4  5  6  7 |
---------------+----------------------+-----
Shields        | 4 5 6 |  6.6
Fighting       | 4 5 6 |  6.0
Staves         | 3 4 |  4.9
Armour         | |  3.2

Action                   |  1- 3 |  4- 6 |  7- 9 || total
-------------------------+-------+-------+-------++-------
Melee: Quarterstaff      |   101 |   245 |    45 ||   391
 Abil: Dig               |     2 |     1 |       ||     3
  Use: Scroll            |       |     1 |       ||     1
       Potion            |       |       |     2 ||     2
  Eat: Chunk             |     1 |     8 |     1 ||    10
Armor: Scale mail        |    52 |   109 |    15 ||   176
Dodge: Dodged            |    29 |    45 |     6 ||    80
Block: Shield            |    63 |   109 |    18 ||   190
